 Dungeon Crawl Stone Soup version 0.27.0-1-g7a089689b8 (webtiles) character file.

Game seed: 15441550981743887862

89 horus123 the Shield-Bearer (level 4, -8/35 HPs)
             Began as a Human Fighter on Aug 1, 2021.
             Killed by divine providence
             ... invoked by an orc priest
              (9 damage)
             ... on level 3 of the Dungeon.
             The game lasted 00:06:06 (2200 turns).

horus123 the Shield-Bearer (Human Fighter)          Turns: 2200, Time: 00:06:07

Health: -8/35      AC:  8    Str: 17    XL:     4   Next: 84%
Magic:  13/13      EV:  7    Int:  8    God:
Gold:   84         SH:  9    Dex: 13    Spells: 3/3 levels left

rFire    . . .     SeeInvis .   a - +1 long sword
rCold    . . .     Faith    .   c - +0 kite shield
rNeg     . . .     Spirit   .   b - +0 scale mail
rPois    .         Reflect  .   (no helmet)
rElec    .         Harm     .   (no cloak)
rCorr    .         Rampage  .   f - +0 pair of gloves
Will     .....                  (no boots)
Stlth    ..........             (no amulet)
HPRegen  0.11/turn              o - ring of magical power
MPRegen  0.13/turn              (no ring)

@: hasted, very quick
A: no striking features
a: no special abilities


You were on level 3 of the Dungeon.
You visited 1 branch of the dungeon, and saw 3 of its levels.

You collected 84 gold pieces.

Inventory:

Hand Weapons
 a - a +1 long sword (weapon)
Armour
 b - a +0 scale mail (worn)
 c - a +0 kite shield (worn)
 f - a +0 pair of gloves (worn)
Jewellery
 o - a ring of magical power (left hand)
Scrolls
 g - 3 scrolls of magic mapping
 h - a scroll of silence {unknown}
 j - a scroll of blinking
 k - a scroll of amnesia {unknown}
 p - 2 scrolls of enchant armour {unknown}
 q - a scroll of identify
Potions
 d - 2 potions of might
 e - a potion of attraction {unknown}
 i - a potion of haste
 l - 2 potions of curing
 m - a potion of degeneration {unknown}
 n - a potion of ambrosia {unknown}


   Skills:
 + Level 3.3 Fighting
 + Level 2.9 Long Blades
 + Level 3.6 Armour
 + Level 0.8 Dodging
 + Level 3.6 Shields


You had 3 spell levels left.
You didn't know any spells.
Your spell library contained the following spells:

 Spells                   Type           Power      Damage    Failure   Level
 Magic Dart               Conj           0%         1d3       99%         1
 Searing Ray              Conj           0%         3d3       100%        2
 Fulminant Prism          Conj/Hex       0%         3d6       100%        4


Dungeon Overview and Level Annotations

Branches:
Dungeon (3/15)

Altars:
Sif Muna


Message History

Found 23 stones.
q - a scroll of identify
Found 24 bolts.
i - 2 bubbling silvery potions (gained 1)
A frilled lizard comes into view.
The frilled lizard hisses angrily.
You closely miss the frilled lizard.
The frilled lizard bites you but does no damage.
You hit the frilled lizard.
You kill the frilled lizard!
You see here a frilled lizard corpse.
Found a robe. 2 orc priests come into view.
The orc priest shouts! x2
An orc comes into view. It is wielding a +0 flail.
There are monsters nearby!
The orc priest mumbles some strange prayers to Beogh against you.
Pain shoots through your body!
The orc priest invokes the aid of Beogh against you.
Beogh smites you!
You hear a shout!
An orc comes into view. It is wielding a +0 dagger.
The orc priest miscasts a cantrip.
It was a potion of haste.
You feel yourself speed up. The orc priest hits you with a +0 club.
You hit the orc priest.
The orc priest is moderately wounded.
The orc priest hits you with a +0 club.
* * * LOW HITPOINT WARNING * * *
You hit the orc priest.
The orc priest is almost dead.
The orc priest invokes the aid of Beogh against you.
Beogh smites you!
* * * LOW HITPOINT WARNING * * *
The orc priest begins to cast a cantrip, but forgets the words!
You hit the orc priest but do no damage.
The orc priest is almost dead.
The orc priest calls down the wrath of Beogh upon you.
Beogh smites you!
You die...

#.# #.#
#.#
####.#
#....#
#.####
#.# #.# #
#@##..###
#.ooo....
########.


You could see 2 orc priests and an orc.

Vanquished Creatures
  4 adders
  4 dart slugs
  2 orcs (D:3)
  4 ball pythons
  4 endoplasms
  3 giant cockroaches
  4 goblins
  3 hobgoblins
  2 jackals (D:1)
  3 kobolds
  A quokka (D:2)
  2 bats
  2 frilled lizards
  5 rats
43 creatures vanquished.

Notes
Turn   | Place    | Note
-------+----------+-------------------------------------------
     0 | D:1      | horus123 the Human Fighter began the quest for the Orb.
     0 | D:1      | Reached XP level 1. HP: 18/18 MP: 1/1
   159 | D:1      | Reached XP level 2. HP: 24/24 MP: 2/2
   581 | D:1      | Reached XP level 3. HP: 29/29 MP: 3/3
  1107 | D:2      | Reached XP level 4. HP: 17/35 MP: 4/4
  1655 | D:3      | Found a shimmering blue altar of Sif Muna.
  2199 | D:3      | HP: 1/35 [orc priest/divine providence (9)]
  2200 | D:3      | Killed from afar by an orc priest

Illustrated notes

Levels and vault maps discovered:
D:1:      minmay_arrival_semitransparent, layout_basic, minmay_tree_intersection
D:2:      layout_rooms, st_stairs_11
D:3:      layout_basic, mainiacjoe_overflow_chevrons, minmay_box_of_dots

Action                   |  1- 3 |  4- 6 || total
-------------------------+-------+-------++-------
Melee: Long sword        |    61 |    40 ||   101
  Use: Scroll            |       |     5 ||     5
       Potion            |       |     1 ||     1
Armor: Scale mail        |    15 |    15 ||    30
Dodge: Dodged            |    26 |     9 ||    35
Block: Kite shield       |    45 |    15 ||    60
       Rpst.: Long sword |     6 |     2 ||     8
